 Dungeon Crawl Stone Soup version 0.29.1-2-gbd0b4ee654 (webtiles) character file.

Game seed: 12414093674652350388

98 kyanize the Insei (level 4, -2/35 HPs)
             Began as a Draconian Transmuter on Nov 13, 2022.
             Was a Believer of Sif Muna.
             Killed by divine providence
             ... invoked by an orc priest
              (15 damage)
             ... on level 3 of the Dungeon.
             The game lasted 00:14:24 (2144 turns).

kyanize the Insei (Draconian Transmuter)            Turns: 2144, Time: 00:14:24

Health: -2/35      AC:  5    Str: 12    XL:     4   Next: 43%
Magic:  3/8        EV: 12    Int: 15    God:    Sif Muna [**....]
Gold:   196        SH:  0    Dex: 12    Spells: 2/8 levels left

rFire   + . .      SeeInvis .     - Unarmed
rCold   x . .      Faith    .   (no shield)
rNeg    . . .      Spirit   .   (body armour unavailable)
rPois   .          Reflect  .   (helmet currently unavailable)
rElec   .          Harm     .   (no cloak)
rCorr   .          Rampage  .   (no gloves)
Will    .....                   (boots currently unavailable)
Stlth   +.........              (no amulet)
HPRegen 0.11/turn               b - ring of fire
MPRegen 0.11/turn               (no ring)

@: appendages, wereblooded
A: horns 2, talons 2, AC +5, unfitting armour, cold-blooded
a: End Transformation, Renounce Religion, Channel Magic


You were on level 3 of the Dungeon.
You worshipped Sif Muna.
Sif Muna was pleased with you.
You had temporarily grown beastly horns and talons.
You visited 1 branch of the dungeon, and saw 3 of its levels.

You collected 196 gold pieces.

Inventory:

Hand Weapons
 d - a +0 dagger of draining
Missiles
 c - 5 poisoned darts
 e - 16 stones
 h - 5 javelins
Magical Staves
 j - a staff of earth
Jewellery
 b - a ring of fire (left hand)
Wands
 f - a wand of acid (13)
Scrolls
 i - 3 scrolls of teleportation
Potions
 a - a potion of lignification
 g - 2 potions of curing


   Skills:
 + Level 1.4 Fighting
 + Level 2.3 Dodging
 + Level 0.1 Stealth
 + Level 4.0 Unarmed Combat
 + Level 2.6 Spellcasting
 + Level 2.5 Transmutations


You had 2 spell levels left.
You knew the following spells:

 Your Spells              Type           Power      Damage    Failure   Level
a - Beastly Appendage     Tmut           18%        N/A       8%          1
b - Wereblood             Tmut           9%         N/A       11%         2
c - Spider Form           Tmut/Pois      5%         N/A       36%         3

Your spell library contained the following spells:

 Spells                   Type           Power      Damage    Failure   Level
 Ice Form                 Ice/Tmut       5%         N/A       77%         4


Dungeon Overview and Level Annotations

Branches:
Dungeon (3/15)

Altars:
Sif Muna


Innate Abilities, Weirdness & Mutations

You have temporarily grown beastly horns and talons.
Your plain brown scales are hard. (AC +5)
You cannot fit into any form of body armour.
You are cold-blooded and may be slowed by cold attacks.


Message History

Casting: Wereblood (safe; 11% risk of failure)
Confirm with . or Enter, or press ? or * to list all spells.
You grow a pair of large bovine horns.
Your feet morph into talons.
The orc closely misses you.
You barely miss the orc.
The orc is heavily wounded.
The orc hits you but does no damage.
You hit the orc.
The orc is severely wounded.
The orc hits you but does no damage.
You barely miss the orc. Your kick misses the orc.
The orc is severely wounded.
The orc hits you with a +0 mace.
You closely miss the orc. Your headbutt misses the orc.
The orc is severely wounded.
The orc hits you with a +0 mace.
The orc priest mumbles some strange prayers to Beogh against you.
Beogh smites you!
You closely miss the orc. Your kick misses the orc.
The orc is severely wounded.
The orc barely misses you.
You hit the orc.
You feel a bit better.
You kill the orc!
Sif Muna accepts your kill.
You hear the slow rusting of a drain nearby.
You punch the ball python!
You feel a bit better.
You kill the ball python!
Sif Muna accepts your kill.
You hit the orc priest but do no damage.
Your kick misses the orc priest. You tail-slap the orc priest.
The orc priest is moderately wounded.
You barely miss the orc priest. Your kick misses the orc priest.
The orc priest is moderately wounded.
The orc priest hits you with a +0 hand axe.
You hit the orc priest. Your kick misses the orc priest.
You tail-slap the orc priest, but do no damage.
The orc priest is severely wounded.
The orc priest calls down the wrath of Beogh upon you.
Beogh smites you!
You die...

........................
...........####.........
####...... # #.........
...#.##.##.#####....####
†....# ........†....#
##...##..#.....#.####
.#.).....#.......#
<..............#.#
.........#.....#@#
.....#...#.....#o#
..#..##..#.....#w.
..#.## ..##.####...
..#.# ..... ...#. .....
..... ...#.# ..#.# .##.
..>. . ..... .


You could see a worm and an orc priest.

Vanquished Creatures
  A gnoll (D:1)
  2 adders
  A dart slug (D:1)
  3 orcs (D:3)
  2 bats (D:1)
  4 endoplasms
  4 giant cockroaches
  7 goblins
  4 hobgoblins
  7 jackals
  4 kobolds
  4 quokkas
  5 ball pythons
  2 frilled lizards
  7 rats
57 creatures vanquished.

Notes
Turn   | Place    | Note
-------+----------+-------------------------------------------
     0 | D:1      | kyanize the Draconian Transmuter began the quest for the
                  | Orb.
     0 | D:1      | Reached XP level 1. HP: 16/16 MP: 3/3
   206 | D:1      | Reached XP level 2. HP: 23/23 MP: 3/5
   316 | D:1      | Reached XP level 3. HP: 28/28 MP: 6/6
   625 | D:1      | Found a faded altar of an unknown god.
   682 | D:1      | Prayed at the altar of an unknown god.
   682 | D:1      | Became a worshipper of Sif Muna the Loreminder
   682 | D:1      | Reached * piety under Sif Muna
   686 | D:1      | Learned a level 2 spell: Wereblood
   690 | D:1      | Learned a level 3 spell: Spider Form
  1891 | D:2      | Reached XP level 4. HP: 32/35 MP: 5/7
  2125 | D:3      | Reached skill level 4 in Unarmed Combat
  2140 | D:3      | Reached ** piety under Sif Muna
  2144 | D:3      | Killed from afar by an orc priest

Illustrated notes

Levels and vault maps discovered:
D:1:      evilmike_arrival_hilbert_curve, layout_loops_ring,
          hellmonk_ecumenical_altar_zigzags
D:2:      layout_basic
D:3:      layout_basic, mainiacjoe_overflow_swirl,
          cheibrodos_sewer_entry_sluice, minmay_misc_feat_plants, uniq_ijyb,
          uniq_jessica

Skill      XL: |  1  2  3  4 |
---------------+-------------+-----
Dodging        | 2 |  2.3
Unarmed Combat | 4 |  4.0
Fighting       | |  1.4
Stealth        | |  0.1
Spellcasting   | |  2.6
Transmutations | |  2.5

Action                   |  1- 3 |  4- 6 || total
-------------------------+-------+-------++-------
Melee: Unarmed           |   107 |    41 ||   148
       Kick              |    17 |     6 ||    23
       Headbutt          |     9 |     5 ||    14
       Punch             |     3 |     1 ||     4
       Tailslap          |     9 |     4 ||    13
 Cast: Beastly Appendage |    24 |     5 ||    29
       Wereblood         |       |     2 ||     2
  Use: Potion            |     3 |       ||     3
       Scroll            |     6 |       ||     6
Armor: Skin              |    31 |     9 ||    40
Dodge: Dodged            |    56 |    19 ||    75
